 Dungeon Sprint DCSS version 0.29-a0-360-g8ed1089bbe (webtiles) character file.

Game seed: 11360411803521333118

1163 Zeldest the Grappler (level 8, 0/87 HPs)
             Began as a Troll Transmuter on Apr 28, 2022.
             Was an Initiate of Jiyva.
             Slain by a gnoll sergeant
             ... wielding a +0 antimagic trident
              (15 damage)
             ... while paralysed by a hornet
             ... in the Dungeon (Sprint IX: "|||||||||||||||||||||||||||||").
             The game lasted 00:01:45 (132 turns).

Zeldest the Grappler (Troll Transmuter)              Turns: 132, Time: 00:01:45

Health: 0/87       AC:  5    Str: 21    XL:     8   Next: 17%
Magic:  0/8        EV:  1    Int:  9    God:    Jiyva [......]
Gold:   0          SH:  0    Dex: 13    Spells: 6/9 levels left

rFire   . . .      SeeInvis .     - Unarmed
rCold   . . .      Faith    .   (no shield)
rNeg    . . .      Spirit   .   a - +0 robe
rPois   .          Reflect  .   (helmet restricted)
rElec   .          Harm     .   l - +0 cloak
rCorr   .          Rampage  .   (gloves unavailable)
Will    .....      NoTele   +   (boots unavailable)
Stlth   +.........              (no amulet)
HPRegen 1.04/turn               m - +2 ring of evasion
MPRegen 0.11/turn               n - +3 ring of dexterity

@: paralysed, lethally poisoned (0 -> -4), wereblooded (expiring), invisible
A: large, unfitting armour, claws 3, regeneration 1, shaggy fur 1, tough skin 1
a: Renounce Religion


You were in the Dungeon.
You worshipped Jiyva.
Jiyva was noncommittal.
You visited 1 branch

Inventory:

Armour
 a - a +0 robe (worn)
 l - a +0 cloak (worn)
Jewellery
 m - a +2 ring of evasion (left claw)
 n - a +3 ring of dexterity (right claw)
Wands
 k - a wand of iceblast (10)
Scrolls
 h - 2 scrolls of blinking
 j - 2 scrolls of amnesia
Potions
 b - a potion of lignification
 c - 5 potions of curing
 e - a potion of haste
 f - 4 potions of magic
 g - a potion of berserk rage
 i - a potion of heal wounds


   Skills:
 + Level 7.6 Fighting
 - Level 1.5 Dodging
 * Level 13.1 Unarmed Combat
 - Level 1.2 Spellcasting
 + Level 7.1 Transmutations


You had 6 spell levels left.
You knew the following spells:

 Your Spells              Type           Power      Damage    Failure   Level
a - Beastly Appendage     Tmut           26%        N/A       1%          1
b - Wereblood             Tmut           13%        N/A       3%          2

Your spell library contained the following spells:

 Spells                   Type           Power      Damage    Failure   Level
 Spider Form              Tmut/Pois      6%         N/A       26%         3
 Ice Form                 Ice/Tmut       6%         N/A       63%         4


Dungeon Overview and Level Annotations

Branches:
Dungeon (1/1)

Altars:
Cheibriados
Dithmenos
Elyvilon
Fedhas
Gozag
Hepliaklqana
Kikubaaqudgha
Makhleb
Nemelex Xobeh
Okawaru
Qazlal
Ru
Sif Muna
Trog
Uskayaw
Vehumet
Wu Jian
Xom
Yredelemnul
Zin
The Shining One
Beogh
Jiyva
Lugonu


Innate Abilities, Weirdness & Mutations

You are too large for most types of armour.
You have claws for hands.
Your natural rate of healing is unusually fast.
You are covered in fur. (AC +1)
You have tough skin. (AC +1)


Message History

You kill the two-headed ogre!
The hornet buzzes angrily.
Your Fighting skill increases to level 7!
Your Unarmed Combat skill gained 2 levels and is now at level 13!
Your Transmutations skill increases to level 7!
You have reached level 8!
You feel much better.
The gnoll shaman hits you with a +0 club!
Things that are here:
a +0 giant club; a +0 giant spiked club The hornet buzzes angrily.
You claw the gnoll shaman! Your kick misses the gnoll shaman.
The gnoll shaman is almost dead.
The hornet buzzes angrily.
You mangle the gnoll shaman!!
You feel a bit better.
You kill the gnoll shaman!
You howl as the wereblood boils in your veins!
Your primal bloodlust is almost over.
Your horns disappear.
Your talons disappear.
The hornet buzzes angrily.
The hornet barely misses you.
The gnoll sergeant hits you from afar with a +0 antimagic trident!
You feel your power leaking away. The hornet stings you!
You feel yourself slow down.
Things that are here:
a +0 club; a +0 robe You closely miss the hornet.
You claw the hornet!
The hornet is moderately wounded.
The hornet barely misses you.
The gnoll sergeant hits you from afar with a +0 antimagic trident.
You feel your power leaking away.
You claw the hornet!
The hornet is heavily wounded.
You feel yourself speed up. The hornet stings you!
* * * LOW HITPOINT WARNING * * *
You are poisoned.
You suddenly lose the ability to move!
The gnoll sergeant hits you from afar with a +0 antimagic trident!
You die... ▓▓▓▓▓▓▓▓▓▓▓▓▓▓▓▓▓▓▓▓▓ +.gy@).[..[[..)..'___ ▓▓▓▓▓▓▓▓▓▓▓▓▓▓▓▓▓▓▓▓▓

You could see a hornet (can't see you) and a gnoll sergeant (can't see you).

Vanquished Creatures
  A two-headed ogre (D)
  A vampire (D)
  A steam dragon (D)
  A water moccasin (D)
  A centaur (D)
  A scorpion (D)
  A gnoll shaman (D)
  An adder (D)
  An ufetubus (D)
  An endoplasm (D)
  A giant cockroach (D)
  A goblin (D)
  A kobold (D)
  A bat (D)
14 creatures vanquished.

Vanquished Creatures (others)
  4 great orbs of eyes (D)
  A wizard (D)
  A slime creature (D)
6 creatures vanquished.

Grand Total: 20 creatures vanquished

Notes
Turn   | Place    | Note
-------+----------+-------------------------------------------
     0 | D        | Zeldest the Troll Transmuter began the quest for the Orb.
     0 | D        | Reached XP level 1. HP: 18/18 MP: 1/1
     8 | D        | Reached skill level 1 in Fighting
    30 | D        | Noticed a water moccasin
    30 | D        | Noticed a scorpion
    30 | D        | Noticed a centaur
    33 | D        | Reached skill level 4 in Unarmed Combat
    33 | D        | Reached XP level 2. HP: 19/28 MP: 0/2
    39 | D        | Killed a centaur
    40 | D        | Reached skill level 6 in Unarmed Combat
    40 | D        | Reached XP level 3. HP: 13/37 MP: 0/3
    40 | D        | Reached XP level 4. HP: 16/45 MP: 0/4
    41 | D        | Killed a scorpion
    42 | D        | Reached skill level 7 in Unarmed Combat
    42 | D        | Reached XP level 5. HP: 21/54 MP: 0/5
    44 | D        | Reached skill level 8 in Unarmed Combat
    51 | D        | Killed a water moccasin
    52 | D        | Reached skill level 5 in Fighting
    52 | D        | Reached skill level 9 in Unarmed Combat
    58 | D        | Found a snail-covered altar of Cheibriados.
    58 | D        | Found a shadowy altar of Dithmenos.
    58 | D        | Found a white marble altar of Elyvilon.
    58 | D        | Found a blossoming altar of Fedhas.
    58 | D        | Found an opulent altar of Gozag.
    59 | D        | Found a hazy altar of Hepliaklqana.
    60 | D        | Found a viscous altar of Jiyva.
    61 | D        | Found an ancient bone altar of Kikubaaqudgha.
    62 | D        | Found a corrupted altar of Lugonu.
    63 | D        | Found a burning altar of Makhleb.
    64 | D        | Found a sparkling altar of Nemelex Xobeh.
    65 | D        | Found an iron altar of Okawaru.
    66 | D        | Found a stormy altar of Qazlal.
    67 | D        | Found a sacrificial altar of Ru.
    68 | D        | Became a worshipper of Jiyva Jaan the Shapeless
    68 | D        | Killed a wizard
    70 | D        | Killed a great orb of eyes
    71 | D        | Killed a slime creature
    71 | D        | Killed a great orb of eyes
    72 | D        | Learned a level 2 spell: Wereblood
    72 | D        | Found a shimmering blue altar of Sif Muna.
    72 | D        | Killed a great orb of eyes
    73 | D        | Found a bloodstained altar of Trog.
    74 | D        | Found a hide-covered altar of Uskayaw.
    75 | D        | Found a radiant altar of Vehumet.
    76 | D        | Found an ornate altar of the Wu Jian Council.
    76 | D        | Killed a great orb of eyes
    77 | D        | Found a shimmering altar of Xom.
    78 | D        | Found a basalt altar of Yredelemnul.
    79 | D        | Found a glowing silver altar of Zin.
    80 | D        | Found a glowing golden altar of the Shining One.
   112 | D        | Noticed a hornet
   112 | D        | Noticed a two-headed ogre
   112 | D        | Noticed a vampire
   112 | D        | Noticed a steam dragon
   116 | D        | Killed a steam dragon
   117 | D        | Reached skill level 10 in Unarmed Combat
   117 | D        | Reached skill level 5 in Transmutations
   117 | D        | Reached XP level 6. HP: 42/67 MP: 2/6
   121 | D        | Killed a vampire
   122 | D        | Reached skill level 11 in Unarmed Combat
   122 | D        | Reached XP level 7. HP: 36/76 MP: 3/7
   125 | D        | Killed a two-headed ogre
   126 | D        | Reached skill level 13 in Unarmed Combat
   126 | D        | Reached XP level 8. HP: 28/87 MP: 3/8
   132 | D        | Paralysed by a hornet for 1 turns
   132 | D        | Slain by a gnoll sergeant

Illustrated notes

Levels and vault maps discovered:
D:        linesprint [early_d, line_temple, items_1, d_10, items_2, lair_1,
          lair_end, items_3, orc_1, orc_end, items_4, d_15, swamp_1, shoals_1,
          snake_1, spider_1, d_20, vaults_1, items_5, swamp_end, shoals_end,
          snake_end, spider_end, vaults_end, d_27, items_6, zot_1, zot_end,
          crypt_end, forest_end, elf_end, slime_end, tomb_end, abyss_end,
          pan_hell_end]

Skill      XL: |  1  2  3  4  5  6  7 |
---------------+----------------------+-----
Fighting       | 2 3 4 5 6 7 |  7.6
Unarmed Combat | 4 6 7 10 11 13 | 13.1
Transmutations | 2 3 4 5 6 7 |  7.1
Dodging        | |  1.5
Spellcasting   | |  1.2

Action                   |  1- 3 |  4- 6 |  7- 9 || total
-------------------------+-------+-------+-------++-------
Melee: Unarmed           |    26 |    20 |     7 ||    53
       Headbutt          |     1 |     3 |       ||     4
       Kick              |     2 |     6 |     3 ||    11
       Punch             |       |     1 |     1 ||     2
 Cast: Beastly Appendage |     1 |     1 |       ||     2
       Wereblood         |       |     1 |       ||     1
  Use: Potion            |     1 |     1 |     1 ||     3
 Stab: Invisible         |       |     1 |       ||     1
Armor: Robe              |    11 |     3 |       ||    14
Dodge: Dodged            |    10 |    13 |     3 ||    26

Table legend: (Time is in decaauts)
 A = Elapsed time spent in this place.
 B = Non-inter-level travel time spent in this place.
 C = Inter-level travel time spent in this place.
 D = Time resting spent in this place.
 E = Time spent auto-exploring this place.
 F = Levels seen in this place.
 G = Mean time per level.
                   A        B        C        D        E       F      G
               +--------+--------+--------+--------+--------+-----+--------+
         Total |    124 |    124 |      0 |      0 |      0 |   1 |  124.0 |
       Dungeon |    124 |    124 |      0 |      0 |      0 |   1 |  124.0 |
               +--------+--------+--------+--------+--------+-----+--------+

Top non-repeatable levels by time:
       D: 124 daAuts
